[Event "Stadtmeisterschaft Ulm/Neu-Ulm 2011"]
[Site "Ulm"]
[Date "2011.11.25"]
[Round "6"]
[White "Naafs, Uwe"]
[Black "Kinzig, Lars"]
[Result "0-1"]
[ECO "B20"]
[WhiteElo "1491"]
[BlackElo "1602"]
[Annotator ",Fred"]
[PlyCount "52"]
[EventDate "2011.??.??"]
[TimeControl "40/7200:1800"]

1. e4 g6 2. g3 Bg7 3. Bg2 c5 4. d3 Nc6 5. Ne2 d6 6. Nbc3 Nf6 7. O-O O-O 8. Rb1
Rb8 9. a4 a6 10. b3 b5 11. axb5 axb5 12. f4 b4 13. Na4 e5 14. Nb2 Bg4 15. Bf3
Bxf3 16. Rxf3 d5 17. exd5 Nxd5 18. Nc4 exf4 19. Bxf4 Nxf4 20. Rxf4 Nd4 21. Nxd4
Bxd4+ 22. Kf1 Qd7 23. Qf3 Rfe8 24. Re4 Rxe4 25. Qxe4 Re8 26. Qh4 Qd5 0-1

[Event "Stadtmeisterschaft Ulm/Neu-Ulm 2011"]
[Site "Ulm"]
[Date "2011.11.25"]
[Round "6"]
[White "Stork, Simon"]
[Black "Jahn, Manfred"]
[Result "1-0"]
[ECO "D10"]
[WhiteElo "1714"]
[BlackElo "1705"]
[Annotator ",Fred"]
[PlyCount "103"]
[EventDate "2011.??.??"]
[TimeControl "40/7200:1800"]

1. d4 d5 2. c4 c6 3. Nc3 dxc4 4. e4 b5 5. a4 b4 6. Na2 Nf6 7. e5 Nd5 8. Bxc4 e6
9. Nf3 a5 10. O-O Ba6 11. Qe2 Bxc4 12. Qxc4 Qb6 13. Be3 Nd7 14. Nc1 Rc8 15. Nd3
Be7 16. Nd2 Nxe3 17. fxe3 Bg5 18. Rf3 O-O 19. Ne4 Be7 20. Rc1 Rc7 21. Nec5 Bxc5
22. Nxc5 Nxc5 23. Qxc5 Qa6 24. Rf2 Rfc8 25. Rd2 Rd7 26. e4 h6 27. d5 Re8 28. d6
Rc8 29. b3 Kf8 30. Qd4 Ke8 31. Rc5 Qb6 32. Rdc2 Ra7 33. g3 Kd7 34. Qf2 Ke8 35.
Kg2 Rd7 36. Qf1 Ra7 37. Kh3 Qb7 38. Qf3 Qd7 39. Qg4 Kf8 40. Qh4 Kg8 41. g4 f6
42. Qg3 Ra6 43. exf6 gxf6 44. Rh5 Kh7 45. Qh4 Qg7 46. d7 Rd8 47. Rf2 Rxd7 48.
Rxf6 Rd3+ 49. Kg2 Rd2+ 50. Kf3 Rxh2 51. Rfxh6+ Qxh6 52. Rxh6+ 1-0

[Event "Stadtmeisterschaft Ulm/Neu-Ulm 2011"]
[Site "Ulm"]
[Date "2011.11.25"]
[Round "6"]
[White "Ranade, Kedar"]
[Black "Frank, Matthias"]
[Result "1/2-1/2"]
[ECO "B13"]
[WhiteElo "1519"]
[BlackElo "1458"]
[Annotator ",Fred"]
[PlyCount "128"]
[EventDate "2011.??.??"]
[TimeControl "40/7200:1800"]

1. e4 c6 2. d4 d5 3. exd5 cxd5 4. Nf3 Nf6 5. Be2 e6 6. c3 Be7 7. Bg5 O-O 8.
Nbd2 b6 9. Qc2 Ba6 10. Bxa6 Nxa6 11. Qd3 Nb8 12. Ne5 Nfd7 13. Nxd7 Nxd7 14.
Bxe7 Qxe7 15. O-O Qd6 16. Nf3 h6 17. Rfe1 a6 18. Re3 b5 19. Rc1 Rfc8 20. Qd2
Nb6 21. b3 Rc7 22. Ne5 Nd7 23. Rg3 Kf8 24. Qd3 Nf6 25. Re3 Ne4 26. c4 Nf6 27.
c5 Qe7 28. b4 Kg8 29. Qd2 Nd7 30. Nxd7 Qxd7 31. Rg3 Kh8 32. Qf4 Qe7 33. Qe5 Rg8
34. f4 Rc6 35. f5 Qf6 36. Qxf6 gxf6 37. Rxg8+ Kxg8 38. fxe6 fxe6 39. Kf2 Kg7
40. Kf3 Kg6 41. Kf4 Kf7 42. Ra1 Kg6 43. a4 bxa4 44. Rxa4 Kg7 45. Ra2 Kf7 46.
Rb2 Kf8 47. b5 axb5 48. Rxb5 Ke7 49. Rb7+ Ke8 50. Rh7 e5+ 51. dxe5 fxe5+ 52.
Kxe5 Rxc5 53. Rxh6 Rc2 54. Kxd5 Rxg2 55. Ke6 Kf8 56. Kf6 Rg1 57. h4 Kg8 58. h5
Ra1 59. Rg6+ Kh8 60. Kf7 Ra7+ 61. Kf6 Ra6+ 62. Kg5 Rxg6+ 63. hxg6 Kg7 64. Kf5
Kg8 1/2-1/2

[Event "Stadtmeisterschaft Ulm/Neu-Ulm 2011"]
[Site "Ulm"]
[Date "2011.11.25"]
[Round "6"]
[White "Sander, Lucia"]
[Black "Huppertz, Anton"]
[Result "1-0"]
[ECO "D02"]
[WhiteElo "1709"]
[BlackElo "1346"]
[Annotator ",Fred"]
[PlyCount "63"]
[EventDate "2011.??.??"]
[TimeControl "40/7200:1800"]

1. d4 d5 2. Nf3 Nf6 3. Bf4 Nc6 4. c4 dxc4 5. Nc3 a6 6. a4 Bf5 7. e3 Nb4 8. Rc1
Bd3 9. Ne5 Bxf1 10. Kxf1 Nbd5 11. Nxd5 Nxd5 12. Bg3 e6 13. Rxc4 c6 14. h4 Nf6
15. h5 Ne4 16. Bh4 Be7 17. Bxe7 Qxe7 18. Qc2 f5 19. Rxc6 O-O 20. Rc7 Qb4 21. g3
Qd2 22. Qxd2 Nxd2+ 23. Ke2 Ne4 24. h6 gxh6 25. Rxh6 Nf6 26. Rxb7 Ng4 27. Rhxh7
Rf7 28. Rhxf7 Nxe5 29. dxe5 Re8 30. Rfe7 Kf8 31. Rxe8+ Kxe8 32. Kd3 1-0

[Event "Stadtmeisterschaft Ulm/Neu-Ulm 2011"]
[Site "Ulm"]
[Date "2011.11.25"]
[Round "6"]
[White "Siebel, Wolfgang"]
[Black "Borowsky, Bernd"]
[Result "1-0"]
[ECO "D02"]
[WhiteElo "1376"]
[BlackElo "1249"]
[Annotator ",Fred"]
[PlyCount "131"]
[EventDate "2011.??.??"]
[TimeControl "40/7200:1800"]

1. d4 d5 2. Nf3 Nf6 3. c3 Bf5 4. h3 h6 5. Bf4 e6 6. e3 Be7 7. Nbd2 O-O 8. Rc1
Nbd7 9. c4 Rc8 10. c5 Ne4 11. Ne5 Nxe5 12. Bxe5 Bf6 13. Bh2 Bh4 14. Nxe4 Bxe4
15. Qg4 c6 16. a3 Qg5 17. Qxg5 Bxg5 18. Bd6 Rfe8 19. Rc3 Bf6 20. Rb3 e5 21.
dxe5 Bxe5 22. Rxb7 Bxd6 23. cxd6 Rb8 24. Rxb8 Rxb8 25. b4 Rd8 26. f3 Bg6 27.
Kd2 Rxd6 28. Kc3 d4+ 29. exd4 Re6 30. Kd2 Rd6 31. Kc3 Re6 32. Bd3 Re3 33. Rd1
Kf8 34. Kc4 Bxd3+ 35. Rxd3 Re2 36. g4 Ke7 37. d5 Kd6 38. dxc6+ Kxc6 39. a4 Rh2
40. f4 Rf2 41. b5+ Kc7 42. f5 Rf4+ 43. Rd4 Rf3 44. Rd3 Rf4+ 45. Kb3 Re4 46. a5
Re5 47. Kc4 f6 48. Rd5 Re3 49. h4 Rh3 50. Kb4 Re3 51. Rc5+ Kb7 52. a6+ Kb8 53.
Rc4 h5 54. g5 fxg5 55. hxg5 Rf3 56. Rh4 Rxf5 57. Rxh5 Kc7 58. Ka5 Kd6 59. Rh8
Rxg5 60. Ra8 Kc5 61. Rxa7 Rg1 62. Rc7+ Kd6 63. Kb6 Rb1 64. Rc6+ Kd7 65. Rc7+
Kd8 66. Rxg7 1-0

[Event "Stadtmeisterschaft Ulm/Neu-Ulm 2011"]
[Site "Ulm"]
[Date "2011.11.25"]
[Round "6"]
[White "Radovic, Miodrag"]
[Black "Simo von Koschitzky, Ignacio"]
[Result "0-1"]
[ECO "D01"]
[WhiteElo "1433"]
[BlackElo "1460"]
[Annotator ",Fred"]
[PlyCount "56"]
[EventDate "2011.??.??"]
[TimeControl "40/7200:1800"]

1. d4 Nf6 2. Nc3 d5 3. Bg5 Bg4 4. f3 Bh5 5. Nh3 c6 6. Nf4 Nbd7 7. g4 Bg6 8.
Nxg6 fxg6 9. a3 Qc7 10. Be3 e6 11. Bg2 Bd6 12. h4 Bg3+ 13. Bf2 O-O 14. Bh3
Bxf2+ 15. Kxf2 Ne4+ 16. Nxe4 dxe4 17. g5 Rae8 18. Bg4 Qf4 19. Kg2 Nb6 20. b3
Nd5 21. Kh3 e5 22. dxe5 Qxe5 23. Rf1 Nf4+ 24. Kh2 Nxe2+ 25. Kg2 Qg3+ 26. Kh1
Qxh4+ 27. Kg2 Nf4+ 28. Kg1 Qg3+ 0-1

[Event "Stadtmeisterschaft Ulm/Neu-Ulm 2011"]
[Site "Ulm"]
[Date "2011.11.25"]
[Round "6"]
[White "Lell, Stephan"]
[Black "Brischar, Rolf"]
[Result "1-0"]
[ECO "A48"]
[WhiteElo "1605"]
[BlackElo "1260"]
[Annotator ",Fred"]
[PlyCount "131"]
[WhiteTeam "SC Weisse Dame Ulm IV"]
[BlackTeam "SC Vöhringen III"]
[TimeControl "40/5400+30:0/0:0/0"]

1. d4 Nf6 2. Bf4 g6 3. e3 Bg7 4. Nf3 O-O 5. Be2 d6 6. O-O Nh5 7. Bg5 h6 8. Bh4
Bf6 9. Bxf6 Nxf6 10. c4 Nc6 11. Nc3 e6 12. Rc1 Kg7 13. a3 Qe7 14. Qc2 e5 15.
Nd5 Qd8 16. Rfd1 Bf5 17. Qb3 Nh5 18. dxe5 dxe5 19. Nb6 Na5 20. Qc3 Qxd1+ 21.
Rxd1 cxb6 22. Nxe5 Nf6 23. g4 Ne4 24. Qe1 Be6 25. f3 Nf6 26. c5 Nd5 27. Rd3 Nc6
28. Nxc6 bxc6 29. cxb6 axb6 30. Qd2 Rad8 31. Kf2 f5 32. Kg1 fxg4 33. fxg4 c5
34. h3 Rd7 35. e4 Nf6 36. e5 Nd5 37. Bf3 Rxf3 38. Rxf3 Nb4 39. Qe2 Nc6 40. Rd3
Nd4 41. Qf1 Rf7 42. Qd1 Rd7 43. Kf2 Bc4 44. Rxd4 Rxd4 45. Qf3 Rd2+ 46. Ke1 Re2+
47. Qxe2 Bxe2 48. Kxe2 Kf7 49. Ke3 Ke6 50. Ke4 g5 51. b3 b5 52. a4 c4 53. bxc4
b4 54. a5 b3 55. Kd3 Kxe5 56. Kc3 Kd6 57. Kxb3 Kc7 58. Kb4 Kb7 59. Kb5 Kb8 60.
Kb6 Ka8 61. c5 Kb8 62. c6 Kc8 63. a6 Kb8 64. c7+ Kc8 65. Kc6 h5 66. a7 1-0

[Event "Stadtmeisterschaft Ulm/Neu-Ulm 2012 "]
[Site "Ulm"]
[Date "2011.12.09"]
[Round "7"]
[White "Krassowizkij, Jaroslaw"]
[Black "Fleischer, Frank"]
[Result "1/2-1/2"]
[ECO "A92"]
[WhiteElo "2305"]
[BlackElo "2140"]
[Annotator ",Fred"]
[PlyCount "143"]
[WhiteTeam "SC Weisse Dame Ulm IV"]
[BlackTeam "SC Vöhringen III"]
[TimeControl "40/5400+30:0/0:0/0"]

1. g3 f5 2. Bg2 Nf6 3. c4 e6 4. Nf3 Be7 5. O-O O-O 6. d4 Ne4 7. d5 Bf6 8. Nc3 Nxc3 9. bxc3 Bxc3 10. Rb1 a5 11. Bf4 Na6 12. d6 Bb4 13. e4
Bxd6 14. Bxd6 cxd6 15. exf5 Rxf5 16. Nd4 Rc5 17. Nb5 Rxc4 18. Nxd6 Rc7 19. Be4
Nc5 20. Bxh7+ Kxh7 21. Qh5+ Kg8 22. Qf7+ Kh7 23. Ne8 Qg5 24. Nxc7 Rb8 25. Rfc1
Nd3 26. Rc3 Ne5 27. f4 Nxf7 28. fxg5 Nxg5 29. Nb5 Ne4 30. Rc7 b6 31. Na7 Ba6
32. Rxd7 Bc4 33. Nc6 Rf8 34. Ne5 Bd5 35. Rf7 Rc8 36. Rb2 b5 37. Kf1 Rc1+ 38.
Ke2 b4 39. Ra7 Nc3+ 40. Kd2 Rd1+ 41. Kc2 Be4+ 42. Kb3 Bd5+ 43. Kc2 Re1 44. Nd3
Be4 45. Rxa5 Nd5 46. Rxd5 exd5 47. Kd2 Rh1 48. Ke3 Kg6 49. Nxb4 Kf5 50. Nd3 Rd1
51. Rf2+ Ke6 52. Nc5+ Ke5 53. Nxe4 dxe4 54. Rd2 Re1+ 55. Kf2 Ra1 56. Ke3 Re1+
57. Re2 Ra1 58. h4 g6 59. Rb2 Re1+ 60. Kf2 Ra1 61. Rb5+ Kd4 62. Rb4+ Kd3 63.
Rb3+ Kd4 64. Ra3 Rb1 65. Rb3 Ra1 66. Rb2 Rh1 67. Rd2+ Ke5 68. Ke3 Re1+ 69. Re2
Ra1 70. Rb2 Re1+ 71. Kd2 Rg1 72. Rb5+ 1/2-1/2

[Event "Stadtmeisterschaft Ulm/Neu-Ulm 2011"]
[Site "Ulm"]
[Date "2011.12.09"]
[Round "7"]
[White "Smolny, Frieder"]
[Black "Mayer, Arnd"]
[Result "1/2-1/2"]
[ECO "D45"]
[WhiteElo "2090"]
[BlackElo "1950"]
[Annotator ",Fred"]
[PlyCount "90"]
[WhiteTeam "SC Weisse Dame Ulm IV"]
[BlackTeam "SC Vöhringen III"]
[TimeControl "40/5400+30:0/0:0/0"]

1. d4 d5 2. Nf3 Nf6 3. c4 e6 4. Nc3 c6 5. e3 Bd6 6. Bd3 O-O 7. e4 dxe4 8. Nxe4
Nxe4 9. Bxe4 Nd7 10. O-O f5 11. Bc2 e5 12. dxe5 Nxe5 13. Nxe5 Bxe5 14. Qxd8
Rxd8 15. Bg5 Rf8 16. Rab1 Bf6 17. Bxf6 Rxf6 18. Rbd1 Be6 19. c5 Bd5 20. Rfe1
Kf7 21. Bb3 Bxb3 22. Rd7+ Kf8 23. axb3 Rf7 24. Red1 Re8 25. f3 Rxd7 26. Rxd7
Re7 27. Rd6 Re3 28. b4 Rb3 29. Rd4 Rxb2 30. h4 Ke7 31. Kh2 a5 32. bxa5 Rb5 33.
Ra4 Rxc5 34. a6 bxa6 35. Rxa6 Kf6 36. Kg3 h6 37. h5 Kg5 38. Ra7 f4+ 39. Kh3
Kxh5 40. Rxg7 Rc1 41. Kh2 c5 42. Rg8 Rd1 43. Rf8 Kg5 44. Rg8+ Kf5 45. Rf8+ Ke5
1/2-1/2

[Event "Stadtmeisterschaft Ulm/Neu-Ulm 2011"]
[Site "Ulm"]
[Date "2011.12.09"]
[Round "7"]
[White "Heinrich, Klaus"]
[Black "Lüdke, Joshua"]
[Result "0-1"]
[ECO "A02"]
[WhiteElo "1720"]
[BlackElo "1700"]
[Annotator ",Fred"]
[PlyCount "72"]
[WhiteTeam "SC Weisse Dame Ulm IV"]
[BlackTeam "SC Vöhringen III"]
[TimeControl "40/5400+30:0/0:0/0"]

1. f4 g6 2. e3 Bg7 3. d4 c5 4. c3 d5 5. Bd3 cxd4 6. exd4 Qa5 7. Nd2 Nc6 8. Ngf3
b5 9. Ne5 Qb6 10. Qf3 Nf6 11. a3 h5 12. h3 e6 13. Qe2 a6 14. g3 Ne7 15. Ndf3
Nf5 16. Rg1 Nd6 17. g4 hxg4 18. hxg4 Nfe4 19. Bxe4 Nxe4 20. Nd2 Bb7 21. Nxe4
dxe4 22. Be3 Qc7 23. Rc1 Bd5 24. Qg2 Ke7 25. Kf2 Bf6 26. Rh1 Bh4+ 27. Kg1 Bf6
28. Kf2 Rag8 29. Rxh8 Bxh8 30. Qh2 Bf6 31. g5 Bg7 32. Rh1 Bxe5 33. fxe5 Qc4 34.
Qf4 Qb3 35. Bc1 e3+ 36. Kxe3 Bxh1 0-1

[Event "Stadtmeisterschaft Ulm/Neu-Ulm 2011"]
[Site "Ulm"]
[Date "2011.12.09"]
[Round "7"]
[White "Hörsch, Heiner"]
[Black "Kromer, Thomas"]
[Result "1-0"]
[ECO "E91"]
[WhiteElo "2060"]
[BlackElo "1702"]
[Annotator ",Fred"]
[PlyCount "49"]
[WhiteTeam "SC Weisse Dame Ulm IV"]
[BlackTeam "SC Vöhringen III"]
[TimeControl "40/5400+30:0/0:0/0"]

1. d4 g6 2. c4 Nf6 3. Nf3 Bg7 4. Nc3 d6 5. e4 O-O 6. Be2 Nbd7 7. h3 e5 8. d5
Nc5 9. Qc2 a5 10. g4 c6 11. Be3 Nfd7 12. b3 f5 13. gxf5 gxf5 14. exf5 e4 15.
Nd4 Nd3+ 16. Kd2 N7e5 17. Rag1 Kh8 18. Nxe4 Nb4 19. Qb2 c5 20. Rxg7 Kxg7 21.
Ne6+ Bxe6 22. fxe6 Nxa2 23. f4 Qb6 24. fxe5 Qb4+ 25. Kd3 1-0

[Event "Stadtmeisterschaft Ulm/Neu-Ulm 2011"]
[Site "Ulm"]
[Date "2011.12.09"]
[Round "7"]
[White "Schmidt, Waldemar"]
[Black "Deissler, Helmut"]
[Result "0-1"]
[ECO "A45"]
[WhiteElo "1615"]
[BlackElo "1882"]
[Annotator ",Fred"]
[PlyCount "103"]
[WhiteTeam "SC Weisse Dame Ulm IV"]
[BlackTeam "SC Vöhringen III"]
[TimeControl "40/5400+30:0/0:0/0"]

1. d4 Nf6 2. Bf4 e6 3. e3 c5 4. c3 Be7 5. Bd3 O-O 6. Nf3 b6 7. O-O Bb7 8. Nbd2
d6 9. Rc1 Nc6 10. Bg5 Nd7 11. Bxe7 Qxe7 12. Qe2 Rad8 13. Ne4 f5 14. Ned2 d5 15.
Bb5 e5 16. dxe5 Ndxe5 17. Nxe5 Nxe5 18. Nf3 Nxf3+ 19. Qxf3 a6 20. Ba4 b5 21.
Bc2 d4 22. Qe2 Qg5 23. f4 Qe7 24. cxd4 cxd4 25. Rfe1 Rde8 26. Qf2 dxe3 27. Qe2
Rf6 28. Qd3 g6 29. Re2 Rd6 30. Qc3 Bd5 31. Bb3 Bxb3 32. Qxb3+ Qe6 33. Qxe6+
Rexe6 34. Rce1 Rd3 35. g3 Kf7 36. Kg2 Rc6 37. Kf3 h6 38. Rxe3 Rxe3+ 39. Rxe3 g5
40. h3 Rc2 41. Ra3 Rc6 42. Re3 Kf6 43. Re2 Rc1 44. Kf2 Rd1 45. Rc2 Rd6 46. Kf3
Ke6 47. Re2+ Kf6 48. Re3 a5 49. Ke2 a4 50. Re5 Rb6 51. Kd3 Rd6+ 52. Kc3 0-1

[Event "Stadtmeisterschaft Ulm/Neu-Ulm 2011"]
[Site "Ulm"]
[Date "2011.12.09"]
[Round "7"]
[White "Mattiessen, Irina"]
[Black "Hörsch, Florian"]
[Result "0-1"]
[ECO "B04"]
[WhiteElo "1580"]
[BlackElo "1775"]
[Annotator ",Fred"]
[PlyCount "94"]
[WhiteTeam "SC Weisse Dame Ulm IV"]
[BlackTeam "SC Vöhringen III"]
[TimeControl "40/5400+30:0/0:0/0"]

1. e4 Nf6 2. e5 Nd5 3. Nf3 d6 4. d4 g6 5. c4 Nb6 6. Bf4 Bg7 7. Nc3 Nc6 8. h3
O-O 9. Qd2 dxe5 10. dxe5 Qxd2+ 11. Kxd2 Be6 12. b3 Rad8+ 13. Kc2 Nd7 14. Re1
Nc5 15. a3 Bf5+ 16. Kb2 Bd3 17. g3 Bxf1 18. Rexf1 Nd3+ 19. Kc2 Ndxe5 20. Nxe5
Bxe5 21. Bxe5 Nxe5 22. f4 Nc6 23. Nd5 Rd7 24. Rd1 Kg7 25. Kc3 Rfd8 26. Ne3 Nd4
27. Rhe1 e6 28. b4 h5 29. c5 Ne2+ 30. Rxe2 Rxd1 31. Nxd1 Rxd1 32. b5 Kf6 33. a4
Rh1 34. h4 Kf5 35. Rd2 Rg1 36. Rd7 Rxg3+ 37. Kd4 Ra3 38. Rxf7+ Kg4 39. Rxc7
Rxa4+ 40. Ke5 b6 41. cxb6 axb6 42. Rc6 Rxf4 43. Rxb6 Rf5+ 44. Ke4 Kxh4 45. Rb8
g5 46. b6 Rb5 47. b7 g4 0-1

[Event "Stadtmeisterschaft Ulm/Neu-Ulm 2011"]
[Site "Ulm"]
[Date "2011.12.09"]
[Round "7"]
[White "Schneider, Jürgen"]
[Black "Lell, Stephan"]
[Result "0-1"]
[ECO "B07"]
[WhiteElo "1713"]
[BlackElo "1605"]
[Annotator ",Fred"]
[PlyCount "94"]
[WhiteTeam "SC Weisse Dame Ulm IV"]
[BlackTeam "SC Vöhringen III"]
[TimeControl "40/5400+30:0/0:0/0"]

1. e4 d6 2. d4 Nf6 3. Nc3 Nbd7 4. f4 e5 5. d5 c6 6. Bd3 Be7 7. Nf3 Qc7 8. O-O
O-O 9. a3 a5 10. Be3 Ng4 11. Qe2 Nxe3 12. Qxe3 exf4 13. Qxf4 Qb6+ 14. Kh1 Qxb2
15. Ne2 Nc5 16. Ned4 Nxd3 17. cxd3 Qb6 18. Rab1 Qa6 19. Rfd1 Bd7 20. Nf5 Bxf5
21. exf5 cxd5 22. Qd4 Bf6 23. Qxd5 Qc6 24. Qb3 Rab8 25. Nd2 d5 26. Nf3 Rfc8 27.
d4 Qc4 28. Qe3 Qc3 29. Rd3 Qc2 30. Re1 h6 31. Ne5 Re8 32. Rc1 Qb2 33. Rb3 Bg5
34. Rxb2 Bxe3 35. Re1 Bxd4 36. Rbe2 Bc3 37. Rd1 Rxe5 38. Rxe5 Bxe5 39. Rxd5 Bc3
40. Rb5 b6 41. h3 Bd4 42. Rd5 Bc5 43. Rd3 Re8 44. g4 Re2 45. Rd8+ Kh7 46. Rd7
Bxa3 47. Rxf7 Re7 0-1

[Event "Stadtmeisterschaft Ulm/Neu-Ulm 2011"]
[Site "Ulm"]
[Date "2011.12.09"]
[Round "7"]
[White "Vetter, Robert"]
[Black "Förderreuther, Jonas"]
[Result "1/2-1/2"]
[ECO "A48"]
[WhiteElo "1804"]
[BlackElo "1887"]
[Annotator ",Fred"]
[PlyCount "70"]
[WhiteTeam "SC Weisse Dame Ulm IV"]
[BlackTeam "SC Vöhringen III"]
[TimeControl "40/5400+30:0/0:0/0"]

1. d4 Nf6 2. Nf3 g6 3. e3 Bg7 4. b3 O-O 5. Bb2 c5 6. Be2 b6 7. O-O Bb7 8. c4
cxd4 9. exd4 d5 10. Nbd2 Nc6 11. Ne5 dxc4 12. Ndxc4 Nd5 13. Bf3 e6 14. Qd2 Qc7
15. Rac1 Rfd8 16. Rfd1 Rac8 17. g3 Qb8 18. Bg2 b5 19. Nxc6 Bxc6 20. Ne5 Bb7 21.
a3 Bxe5 22. dxe5 Nc3 23. Qxd8+ Rxd8 24. Rxd8+ Qxd8 25. Bxc3 Bxg2 26. Kxg2 Qc7
27. Bb2 Qb7+ 28. Kg1 Kf8 29. Bd4 a5 30. Bc5+ Kg7 31. Bd6 Qe4 32. h4 h5 33. Rc5
Qe1+ 34. Kg2 Qe4+ 35. Kg1 Qe1+ 1/2-1/2

[Event "Stadtmeisterschaft Ulm/Neu-Ulm 2011"]
[Site "Ulm"]
[Date "2011.12.09"]
[Round "7"]
[White "Kuhn, Klaus-Peter"]
[Black "Stork, Simon"]
[Result "1/2-1/2"]
[ECO "C02"]
[WhiteElo "1417"]
[BlackElo "1714"]
[Annotator ",Fred"]
[PlyCount "113"]
[WhiteTeam "SC Weisse Dame Ulm IV"]
[BlackTeam "SC Vöhringen III"]
[TimeControl "40/5400+30:0/0:0/0"]

1. e4 e6 2. d4 d5 3. e5 c5 4. c3 Nc6 5. Nf3 Qb6 6. Bd3 Bd7 7. dxc5 Bxc5 8. O-O
a5 9. a4 Nge7 10. Qc2 Ng6 11. Re1 Rc8 12. Na3 O-O 13. Nb5 d4 14. cxd4 Nxd4 15.
Nfxd4 Bxd4 16. Qe2 Bxb5 17. Bxb5 Bxe5 18. Be3 Bd4 19. Bxd4 Qxd4 20. Rad1 Qb4
21. Rd7 Rc2 22. Qxc2 Qxe1+ 23. Bf1 b6 24. Rb7 Qb4 25. Qc6 Qxb2 26. Rxb6 Qd2 27.
Ra6 Ne5 28. Qb5 Ng4 29. Qe2 Qf4 30. g3 Qxa4 31. h3 Nf6 32. Qd2 Qb4 33. Qa2 Rd8
34. Rxa5 g6 35. Qa1 Qd4 36. Qxd4 Rxd4 37. Ra8+ Kg7 38. Ra7 Rd7 39. Ra4 Nd5 40.
Rd4 f5 41. Bc4 Kf6 42. f4 Nb6 43. Rxd7 Nxd7 44. Kf2 e5 45. fxe5+ Kxe5 46. Bg8
Nf6 47. Bb3 g5 48. Bd1 Kd4 49. Bc2 Ne4+ 50. Kf3 Ke5 51. g4 fxg4+ 52. Kxg4 h6
53. Bxe4 Kxe4 54. Kh5 Kf5 55. Kxh6 Kf6 56. Kh5 Kf5 57. Kh6 1/2-1/2

[Event "Stadtmeisterschaft Ulm/Neu-Ulm 2011"]
[Site "Ulm"]
[Date "2011.12.09"]
[Round "7"]
[White "Kelemen, Alexander"]
[Black "Goda, Frederic"]
[Result "0-1"]
[ECO "B84"]
[WhiteElo "1618"]
[BlackElo "1643"]
[Annotator ",Fred"]
[PlyCount "56"]
[WhiteTeam "SC Weisse Dame Ulm IV"]
[BlackTeam "SC Vöhringen III"]
[TimeControl "40/5400+30:0/0:0/0"]

1. e4 c5 2. Nf3 d6 3. d4 cxd4 4. Nxd4 Nf6 5. Nc3 a6 6. Be2 e6 7. Be3 b5 8. a3
Bb7 9. f3 Nbd7 10. Qd2 Rc8 11. Nb3 Ne5 12. Rd1 Qc7 13. Qd4 d5 14. Bg5 Nc6 15.
Qd3 b4 16. Bxf6 gxf6 17. axb4 Nxb4 18. Qd2 dxe4 19. fxe4 Be7 20. Rc1 Rg8 21.
Bf3 f5 22. h4 fxe4 23. Bxe4 Qg3+ 24. Qf2 Bxe4 25. Nxe4 Qxg2 26. Qxg2 Rxg2 27.
Kd1 Nxc2 28. Nc3 Rd8+ 0-1

[Event "Stadtmeisterschaft Ulm/Neu-Ulm 2011"]
[Site "Ulm"]
[Date "2011.12.09"]
[Round "7"]
[White "Lepschi, Albert"]
[Black "Sander, Lucia"]
[Result "1-0"]
[ECO "D31"]
[WhiteElo "1768"]
[BlackElo "1709"]
[Annotator ",Fred"]
[PlyCount "32"]
[WhiteTeam "SC Weisse Dame Ulm IV"]
[BlackTeam "SC Vöhringen III"]
[TimeControl "40/5400+30:0/0:0/0"]

1. d4 d5 2. c4 e6 3. Nc3 c6 4. Nf3 dxc4 5. a4 Bd7 6. e4 b5 7. g3 a5 8. axb5
cxb5 9. Bg2 b4 10. Na4 Na6 11. O-O Be7 12. d5 exd5 13. exd5 Bd6 14. Qd4 Rb8 15.
Qxg7 Qf6 16. Re1+ Kd8 1-0

[Event "Stadtmeisterschaft Ulm/Neu-Ulm 2011"]
[Site "Ulm"]
[Date "2011.12.09"]
[Round "7"]
[White "Baumann, Tobias"]
[Black "Grosse, Manfred"]
[Result "1-0"]
[ECO "C05"]
[WhiteElo "1621"]
[BlackElo "1846"]
[Annotator ",Fred"]
[PlyCount "45"]
[WhiteTeam "SC Weisse Dame Ulm IV"]
[BlackTeam "SC Vöhringen III"]
[TimeControl "40/5400+30:0/0:0/0"]

1. e4 e6 2. d4 d5 3. Nd2 Nf6 4. e5 Nfd7 5. Ngf3 c5 6. c3 Nc6 7. Be2 Be7 8. O-O
O-O 9. Nb3 c4 10. Nbd2 f6 11. exf6 Nxf6 12. b3 cxb3 13. Nxb3 Ne4 14. Bd3 Nxc3
15. Qc2 Ne4 16. Bxe4 dxe4 17. Qxe4 Qd5 18. Re1 Bb4 19. Bd2 Bd6 20. Ng5 Qf5 21.
Nxe6 Qxf2+ 22. Kh1 Rf5 23. Be3 1-0

[Event "Stadtmeisterschaft Ulm/Neu-Ulm 2011"]
[Site "Ulm"]
[Date "2011.12.09"]
[Round "7"]
[White "Renner, David"]
[Black "Walker, Kevin"]
[Result "0-1"]
[ECO "D85"]
[WhiteElo "1651"]
[BlackElo "1560"]
[Annotator ",Fred"]
[PlyCount "112"]
[WhiteTeam "SC Weisse Dame Ulm IV"]
[BlackTeam "SC Vöhringen III"]
[TimeControl "40/5400+30:0/0:0/0"]

1. d4 Nf6 2. c4 g6 3. Nc3 d5 4. cxd5 Nxd5 5. e4 Nxc3 6. bxc3 Bg7 7. Nf3 c5 8.
Be3 Nc6 9. Be2 Bg4 10. e5 Qa5 11. O-O Qxc3 12. Rc1 Qa3 13. Rxc5 Rd8 14. Bc1
Qxc5 15. dxc5 Rxd1 16. Rxd1 Nxe5 17. Bb5+ Bd7 18. Be2 Nc6 19. Be3 Be6 20. Rb1
Nd8 21. Bb5+ Bd7 22. Be2 O-O 23. Nd4 Bxd4 24. Bxd4 Bc6 25. f4 Be4 26. Rb3 Ne6
27. Be3 Rc8 28. Rc3 b6 29. Ra3 bxc5 30. Rxa7 c4 31. Ra4 Bd3 32. Bxd3 cxd3 33.
Ra3 Rc2 34. Rxd3 Rxa2 35. Rd2 Rxd2 36. Bxd2 f5 37. Kf2 Kf7 38. h3 Nc5 39. Kf3
Ke6 40. Bb4 Kd5 41. Bc3 Kc4 42. Be5 Nd7 43. Bb2 Kd5 44. g4 e5 45. fxe5 Nxe5+
46. Kg3 Ke4 47. gxf5 gxf5 48. Bc1 Nd3 49. Bd2 f4+ 50. Bxf4 Nxf4 51. Kg4 h5+ 52.
Kg5 Kf3 53. Kh4 Kg2 54. Kg5 Kg3 55. h4 Kf3 56. Kf5 Nh3 0-1

[Event "Stadtmeisterschaft Ulm/Neu-Ulm 2011"]
[Site "Ulm"]
[Date "2011.12.09"]
[Round "7"]
[White "Frank, Matthias"]
[Black "Siebel, Wolfgang"]
[Result "1/2-1/2"]
[ECO "B23"]
[WhiteElo "1458"]
[BlackElo "1376"]
[Annotator ",Fred"]
[PlyCount "20"]
[WhiteTeam "SC Weisse Dame Ulm IV"]
[BlackTeam "SC Vöhringen III"]
[TimeControl "40/5400+30:0/0:0/0"]

1. e4 c5 2. Nc3 Nc6 3. d3 d6 4. g3 g6 5. Be3 Bg7 6. Qd2 a6 7. Rb1 Qa5 8. a3
Bxc3 9. Qxc3 Qxc3+ 10. bxc3 e5 1/2-1/2

[Event "Stadtmeisterschaft Ulm/Neu-Ulm 2011"]
[Site "Ulm"]
[Date "2011.12.09"]
[Round "7"]
[White "Andritzke, Karl-Heinz"]
[Black "Huppertz, Anton"]
[Result "0-1"]
[ECO "D06"]
[WhiteElo "1470"]
[BlackElo "1346"]
[Annotator ",Fred"]
[PlyCount "35"]
[WhiteTeam "SC Weisse Dame Ulm IV"]
[BlackTeam "SC Vöhringen III"]
[TimeControl "40/5400+30:0/0:0/0"]

1. d4 Nf6 2. c4 d5 3. Nc3 Bf5 4. Bg5 c6 5. e3 Nbd7 6. Bd3 Bxd3 7. Qxd3 e6 8.
Nge2 Qa5 9. O-O dxc4 10. Qxc4 Qxg5 11. f4 Qh5 12. Rf3 Ng4 13. Ne4 Qxh2+ 14. Kf1
Qh1+ 15. Ng1 Qh4 16. Rh3 Qf2+ 17. Nxf2 Nxe3+ 18. Rxe3 0-1